 Dungeon Crawl Stone Soup version 0.28.0-53-g5a82cb258f (webtiles) character file.

Game seed: 14444728127506136009

4418 GigaChad the Slasher (level 10, -18/96 HPs)
             Began as a Troll Fighter on Aug 19, 2022.
             Was an Initiate of Ashenzari.
             Demolished by a white ugly thing (34 damage)
             ... on level 9 of the Dungeon.
             The game lasted 00:28:31 (7996 turns).

GigaChad the Slasher (Troll Fighter)                Turns: 7996, Time: 00:28:37

Health: -18/96     AC: 11    Str: 26    XL:     10   Next: 14%
Magic:  0/9        EV: 12    Int:  6    God:    Ashenzari [......]
Gold:   411        SH: 13    Dex: 17    Spells: 9/9 levels left

rFire   . . .      SeeInvis .   a - +1 long sword of the Tethered Mistrust {flame, Evo, Elem} (curse)
rCold   . . .      Faith    .   c - +3 kite shield
rNeg    . . .      Spirit   +   K - +1 steam dragon scales
rPois   +          Reflect  .   (helmet restricted)
rElec   .          Harm     .   l - +2 cloak {rPois}
rCorr   .          Rampage  .   (gloves unavailable)
Will    .....                   (boots unavailable)
Stlth   ++........              C - amulet of guardian spirit
HPRegen 1.06/turn               k - +6 ring of dexterity
MPRegen 0.11/turn               j - ring of poison resistance

@: marked
A: large, unfitting armour, claws 3, regeneration 1, shaggy fur 1, tough skin 1
a: Renounce Religion, Shatter the Chains


You were on level 9 of the Dungeon.
You worshipped Ashenzari.
Ashenzari was noncommittal.
You visited 2 branches of the dungeon, and saw 10 of its levels.
You also visited: Sewer and Ossuary.

You collected 411 gold pieces.

Inventory:

Hand Weapons
 a - the cursed +1 long sword of the Tethered Mistrust (weapon) {flame, Evo, Elem}

   It burns those it strikes, dealing additional fire damage.
   Big, fiery blades are also staple armaments of hydra-hunters.
   It has a curse which improves the following skills: Evocations: Evocations.
   Elements:  Fire Magic, Ice Magic, Air Magic and Earth Magic.
 i - a +1 short sword of speed
 D - a +0 mace of draining
 E - a +0 vorpal glaive
 J - a +2 vorpal glaive
 M - a +0 shortbow
Missiles
 N - 33 arrows
Armour
 b - a +1 robe
 c - a +3 kite shield (worn)
 l - a +2 cloak of poison resistance (worn)
 t - a +0 plate armour
 v - an orb of mayhem
 A - the +0 chain mail of a bailey {rC+ rCorr}
   (You found it on level 5 of the Dungeon)

   rC:        It protects you from cold.
   rCorr:     It protects you from acid and corrosion.
 I - a +2 robe of resistance
 K - +1 steam dragon scales (worn)
Magical Staves
 B - a staff of air
 G - a staff of death
Jewellery
 j - a ring of poison resistance (right claw)
 k - a +6 ring of dexterity (left claw)
 y - a ring of flight
 C - an amulet of guardian spirit (around neck)
Wands
 n - a wand of iceblast (5)
 L - a wand of flame (5)
Scrolls
 e - a scroll of fear
 g - a scroll of magic mapping
 o - 2 scrolls of enchant weapon
 s - 3 scrolls of fog
 u - 3 scrolls of amnesia
 x - a scroll of vulnerability {unknown}
 O - a scroll of identify
Potions
 d - 3 potions of might
 f - 6 potions of curing
 h - 3 potions of magic
 m - a potion of berserk rage {unknown}
 p - a potion of heal wounds
 q - 6 potions of haste
 r - 2 potions of attraction {unknown}
 w - a potion of lignification {unknown}
 z - 3 potions of ambrosia {unknown}
 F - a potion of flight {unknown}
 H - 2 potions of invisibility {unknown}
 P - a potion of degeneration {unknown}


   Skills:
 + Level 5.1 Fighting
 + Level 7.2 Long Blades
 + Level 6.5 Dodging
 + Level 1.3 Stealth
 + Level 6.9 Shields
 + Level 0.5(0.8) Evocations


You had 9 spell levels left.
You didn't know any spells.
Your spell library contained the following spells:

 Spells                   Type           Power      Damage    Failure   Level
 Static Discharge         Conj/Air       0%         N/A       83%         2
 Sublimation of Blood     Necr           0%         N/A       83%         2
 Wereblood                Tmut           0%         N/A       83%         2
 Conjure Flame            Conj/Fire      0%         6-21      97%         3
 Ignite Poison            Fire/Tmut/Pois 0%         N/A       97%         3
 Inner Flame              Hex/Fire       0%         N/A       97%         3
 Cause Fear               Hex            0%         N/A       100%        4
 Sticky Flame             Conj/Fire      0%         2d3       100%        4
 Lightning Bolt           Conj/Air       0%         1d11      100%        5
 Summon Hydra             Summ           0%         N/A       100%        7
 Discord                  Hex            0%         N/A       100%        8
 Maxwell's Capacitive Co  Air            0%         ∞         100%        8


Dungeon Overview and Level Annotations

Branches:
Dungeon (9/15)             Temple (1/1) D:7           Sewer (visited)
Ossuary (visited)
   Lair: D:8-11         Orc: D:9-12

Altars:
Ashenzari
Cheibriados
Dithmenos
Elyvilon
Fedhas
Gozag
Kikubaaqudgha
Makhleb
Nemelex Xobeh
Okawaru
Qazlal
Ru
Sif Muna
Trog
Uskayaw
Vehumet
Wu Jian
Xom
Yredelemnul
Zin
The Shining One

Shops:
D:7 (


Innate Abilities, Weirdness & Mutations

You are too large for most types of armour.
You have claws for hands.
Your natural rate of healing is unusually fast.
You are covered in fur. (AC +1)
You have tough skin. (AC +1)


Message History

Something hits you.
* * * LOW HITPOINT WARNING * * *
The orc misses you.
You slash the orc! You burn the orc.
You kill the orc!
You closely miss the white ugly thing.
The white ugly thing is almost dead.
An orc wizard appears from thin air!
Reactivating autopickup.
The white ugly thing tentacle-slaps you!
* * * LOW HITPOINT WARNING * * *
The white ugly thing freezes you!
* * * LOW HITPOINT WARNING * * *
You feel much better.
The orc wizard hits you but does no damage.
You block the white ugly thing's attack.
You hit the orc wizard. You burn the orc wizard.
The orc wizard is heavily wounded.
You block the orc wizard's attack.
You block the white ugly thing's attack.
You closely miss the orc wizard.
The orc wizard is heavily wounded.
You block the orc wizard's attack.
The white ugly thing tentacle-slaps you.
The white ugly thing freezes you!
* * * LOW HITPOINT WARNING * * *
You block the orc wizard's attack.
You hit the white ugly thing but do no damage.
The white ugly thing is severely wounded.
The white ugly thing closely misses you.
You block the orc wizard's attack.
The white ugly thing tentacle-slaps you but does no damage.
You hit the white ugly thing. You burn the white ugly thing.
The white ugly thing is almost dead.
The orc wizard hits you with a +0 dagger.
* * * LOW HITPOINT WARNING * * *
The white ugly thing tentacle-slaps you.
* * * LOW HITPOINT WARNING * * *
The white ugly thing freezes you!!
You die...

#....u..##........#
#.......##..)†....#
#......†##........#
#....<..))......).# #
#########.........#.#
#.........#.#
#...........#
#.......uo..#
##......@...#
###...###..# ##..#
..# ##. ..# #. ..# .#


You could see a white ugly thing and an orc wizard.

Vanquished Creatures
  Harold (D:9)
  Maggie (D:8)
  A hornet (D:7)
  A wyvern (D:9)
  Duvessa (D:7)
  A black bear (D:8)
  An ice beast (D:7)
  An orc warrior (D:7)
  A sky beast (D:5)
  A necrophage (D:6)
  An ogre (D:7)
  Pargi (Sewer)
  A centaur (D:8)
  A phantom (D:5)
  4 bullfrogs
  2 scorpions
  A water moccasin zombie (Ossuary)
  Dowan (D:7)
  3 killer bees (D:7)
  3 howler monkeys
  2 bullfrog zombies
  2 centaur zombies
  2 orc priests
  2 bullfrog skeletons
  3 hounds
  3 iguanas
  Terence (D:2)
  4 orc wizards
  2 mummies (Ossuary)
  3 gnolls
  8 adders
  A howler monkey skeleton (D:6)
  A river rat (D:3)
  A shadow imp (D:3)
  3 ufetubi
  5 adder zombies (Ossuary)
  4 worms
  2 dart slugs (D:4)
  16 orcs
  7 endoplasms
  2 giant cockroaches
  5 gnoll zombies (Ossuary)
  5 goblins
  6 hobgoblins
  7 kobolds
  5 quokkas
  7 ball pythons
  2 bats (D:1)
  7 frilled lizards
  6 hobgoblin zombies (Ossuary)
  3 kobold zombies (Ossuary)
  3 orc zombies (Ossuary)
  6 rats
164 creatures vanquished.

Vanquished Creatures (collateral kills)
  An ice beast (D:5)
  A gnoll sergeant (D:6)
  3 killer bees (D:7)
  An orc priest (D:5)
  2 hounds (D:6)
  An iguana (D:5)
  3 gnolls
  3 adders
  A white imp (D:5)
  2 worms
  4 orcs
  3 ball pythons
  An endoplasm (D:2)
  A goblin (D:1)
  4 bats
  A kobold (D:1)
  2 rats (D:1)
34 creatures vanquished.

Vanquished Creatures (others)
  A bullfrog zombie (D:5)
  2 killer bee zombies (D:7)
  A hound zombie (D:5)
  An adder zombie (D:2)
  An iguana zombie (D:5)
  A bat zombie (D:2)
  A frilled lizard zombie (D:2)
  A gnoll zombie (D:5)
  A kobold zombie (D:3)
  6 orc zombies
  A quokka zombie (D:2)
  2 rat zombies (D:3)
  A spectral endoplasm (D:2)
  3 plants
23 creatures vanquished.

Grand Total: 221 creatures vanquished

Notes
Turn   | Place    | Note
-------+----------+-------------------------------------------
     0 | D:1      | GigaChad the Troll Fighter began the quest for the Orb.
     0 | D:1      | Reached XP level 1. HP: 22/22 MP: 0/0
   286 | D:1      | Reached XP level 2. HP: 29/29 MP: 1/1
   702 | D:1      | Found a faded altar of an unknown god.
   706 | D:1      | Prayed at the altar of an unknown god.
   706 | D:1      | Became a worshipper of Yredelemnul the Dark
   706 | D:1      | Reached * piety under Yredelemnul
   859 | D:1      | Reached skill level 2 in Long Blades
  1097 | D:2      | Reached XP level 3. HP: 36/36 MP: 2/2
  1259 | D:2      | Noticed Terence
  1278 | D:2      | Killed Terence
  1279 | D:2      | Reached XP level 4. HP: 33/44 MP: 3/3
  1403 | D:2      | Reached ** piety under Yredelemnul
  1659 | D:3      | Found a glowing drain.
  1729 | Sewer    | Entered a sewer
  1782 | Sewer    | Reached XP level 5. HP: 53/53 MP: 4/4
  1787 | Sewer    | Noticed Pargi
  1806 | Sewer    | Killed Pargi
  1876 | Sewer    | Reached skill level 3 in Long Blades
  1978 | D:3      | Reached XP level 6. HP: 43/61 MP: 5/5
  2761 | D:4      | Found a sand-covered staircase.
  2793 | Ossuary  | Entered an ossuary
  3431 | D:4      | Reached XP level 7. HP: 65/67 MP: 6/6
  3528 | D:4      | Reached skill level 4 in Long Blades
  3910 | D:5      | Entered Level 5 of the Dungeon
  4361 | D:5      | Reached skill level 5 in Long Blades
  4407 | D:5      | Identified the +0 chain mail of a bailey {rC+ rCorr}
  4433 | D:5      | Reached XP level 8. HP: 78/78 MP: 7/7
  4854 | D:6      | Reached skill level 5 in Shields
  5029 | D:6      | Reached skill level 5 in Dodging
  5093 | D:6      | Reached XP level 9. HP: 59/85 MP: 5/8
  5367 | D:7      | Reached skill level 6 in Long Blades
  5617 | D:7      | Reached skill level 1 in Stealth
  5906 | D:7      | Found a shimmering blue altar of Sif Muna.
  5909 | D:7      | Found a burning altar of Makhleb.
  5921 | D:7      | Found a hide-covered altar of Uskayaw.
  6061 | D:7      | Found Qyjyuq's Weapon Shoppe.
  6690 | D:7      | Found a staircase to the Ecumenical Temple.
  6690 | D:7      | Noticed Dowan
  6691 | D:7      | Noticed Duvessa
  6701 | D:7      | Killed Duvessa
  6733 | D:7      | Killed Dowan
  6755 | Temple   | Entered the Ecumenical Temple
  6853 | Temple   | Fell from the grace of Yredelemnul
  6853 | Temple   | Became a worshipper of Ashenzari the Shackled
  7022 | D:8      | Noticed Maggie
  7034 | D:8      | Killed Maggie
  7757 | D:8      | Reached skill level 5 in Fighting
  7937 | D:9      | Noticed Harold
  7959 | D:9      | Noticed a white ugly thing
  7962 | D:9      | Killed Harold
  7963 | D:9      | Reached skill level 7 in Long Blades
  7963 | D:9      | Reached XP level 10. HP: 72/96 MP: 6/9
  7987 | D:9      | HP: 4/96 [white ugly thing (12)]
  7996 | D:9      | Demolished by a white ugly thing

Illustrated notes

Levels and vault maps discovered:
D:1:      tarquinn_simple_flora_water_f, layout_loops_corners,
          nicolae_ecumenical_lake_church, kennysheep_small_spiral
D:2:      layout_basic, grunt_ministairs_13, uniq_terence
D:3:      layout_rooms, portal_sewer_entry_b, kennysheep_another_room,
          grunt_ministairs_2, eino_tiny_chamber, skrybe_limestone_x
D:4:      layout_layer_cave, lightli_ossuary_entry_decrepit_ruins,
          chequers_serial_rivers_small_b, kennysheep_pointless_box,
          minmay_manual_mullet
D:5:      layout_loops_cross, nicolae_hepliaklqana_monster_ancestors,
          serial_shops, kennysheep_mini_moat
D:6:      layout_cave_pools, serial_rivers, chequers_serial_rivers_small_a,
          chequers_serial_rivers_micro_b, chequers_serial_rivers_marsh,
          chequers_serial_rivers_micro_b, chequers_serial_rivers_micro_a,
          serial_bayou_pond_e, nicolae_underground_beach
D:7:      layout_loops_ring, minmay_overflow_temple_star_quad,
          minmay_temple_entry_enclosed_plants, serial_shops,
          kennysheep_little_box, uniq_duvessa
D:8:      layout_loops_ring, hangedman_decor_clover_reticule, minivault_27,
          uniq_maggie
D:9:      layout_basic, david_orc_1_choice, uniq_harold
Temple:   regret_index_temple_mists

Skill      XL: |  1  2  3  4  5  6  7  8  9 |
---------------+----------------------------+-----
Long Blades    | 2 3 5 7 |  7.2
Shields        | 3 4 5 6 |  6.9
Dodging        | 3 4 5 6 |  6.5
Fighting       | 3 4 5 |  5.1
Stealth        | 1 |  1.3
Evocations     | |  0.5

Action                   |  1- 3 |  4- 6 |  7- 9 | 10-12 || total
-------------------------+-------+-------+-------+-------++-------
Melee: Long sword        |    94 |   238 |   313 |    16 ||   661
Invok: Curse Item        |       |       |     1 |       ||     1
Evoke: Wand              |       |       |     1 |       ||     1
  Use: Scroll            |     1 |    13 |    10 |       ||    24
       Potion            |       |       |       |     1 ||     1
 Stab: Sleeping          |       |     1 |     2 |       ||     3
       Distracted        |       |       |     1 |       ||     1
Armor: Robe              |    46 |   122 |   103 |       ||   271
       Steam dragon scal |       |       |    34 |    15 ||    49
Dodge: Dodged            |    47 |   140 |   167 |    11 ||   365
Block: Kite shield       |    43 |   161 |   294 |    14 ||   512
